 Dungeon Crawl Stone Soup version 0.19-a0-1740-g0bcaf2e (webtiles) character file.

12753 Amnesiac the Geomancer (level 11, 0/68 HPs)
             Began as a Mummy Earth Elementalist on Oct 2, 2016.
             Was an Initiate of Gozag.
             Slain by a warg (12 damage)
             ... on level 1 of the Orcish Mines.
             The game lasted 00:34:32 (14922 turns).

Amnesiac the Geomancer (Mummy Earth Elementalist)  Turns: 14922, Time: 00:34:32

Health: 0/68       AC:  7    Str: 11    XL:     11   Next: 66%
Magic:  1/17       EV: 16    Int: 15    God:    Gozag
Gold:   2044       SH:  0    Dex: 21    Spells: 4 memorised, 6 levels left

rFire  . . .     SeeInvis .     q - staff of earth
rCold  + . .     Gourm    .     c - +1 robe
rNeg   + + +     Faith    .     (no shield)
rPois  ∞         Spirit   .     i - +0 helmet
rElec  .         Dismiss  .     m - +1 cloak {+Inv}
rCorr  .         Reflect  .     x - +0 pair of gloves
MR     +....     Harm     .     (no boots)
Stlth  +++.......               (no amulet)
                                E - +5 ring of dexterity
                                B - ring of protection from fire

@: about to teleport
A: no food or potions, fire vulnerability, cold resistance 1, negative energy
resistance 3, torment resistance, unbreathing
a: Potion Petition, Call Merchant, Bribe Branch, Renounce Religion, Evoke
Invisibility


You were on level 1 of the Orcish Mines.
You worshipped Gozag.
Gozag was most pleased with you.
You were not hungry.

You visited 3 branches of the dungeon, and saw 13 of its levels.

You collected 2225 gold pieces.
You paid 181 gold pieces to Gozag.

Inventory:

Hand Weapons
 f - the +7 falchion "Kalugu" {elec, rElec MR+}
   (You found it on level 5 of the Dungeon)

   Occasionally, upon striking a foe, it will discharge some electrical energy
   and cause terrible harm.
   It insulates you from electricity.
   It affects your resistance to hostile enchantments.
 p - a +1 trident of freezing
 w - the +9 rapier "Efumies" {pierce, Dex+3}
   (You found it on level 10 of the Dungeon)

   It inflicts extra damage upon your enemies.
   It affects your dexterity (+3).
 C - the +9 falchion "Grim" {flame, SInv}
   (You found it on level 8 of the Dungeon)

   It has been specially enchanted to burn those struck by it, causing extra
   injury to most foes and up to half again as much damage against particularly
   susceptible opponents.
   Big, fiery blades are also staple armaments of hydra-hunters.
   It lets you see invisible.
 D - a +2 dagger of electrocution
 K - a +0 blowgun
Missiles
 e - 48 stones (quivered)
 A - 5 throwing nets
 L - 4 curare-tipped needles
Armour
 c - a +1 robe (worn)
 i - a +0 helmet (worn)
 j - the +1 ring mail of Died {rC++ Int+3 Dex-4 Slay+5}
   (You found it on level 8 of the Dungeon)

   It affects your intelligence (+3).
   It affects your dexterity (-4).
   It affects your accuracy and damage with ranged weapons and melee attacks
   (+5).
   It greatly protects you from cold.
 m - a +1 cloak of invisibility (worn)
 x - a +0 pair of gloves (worn)
Magical Staves
 q - an uncursed staff of earth (weapon)
Jewellery
 B - a ring of protection from fire (left hand)
 E - a +5 ring of dexterity (right hand)
Wands
 g - a wand of iceblast (11/15)
 l - a wand of digging (5/24)
 n - a wand of lightning (9/15)
 r - a wand of acid (0/15)
 v - a wand of disintegration (8/24)
 G - a wand of flame (22/48)
 H - a wand of lightning (6/15)
Scrolls
 a - 2 scrolls of enchant armour
 k - 2 scrolls of magic mapping
 s - 2 scrolls of fog
 u - 3 scrolls of remove curse
 y - a scroll of recharging
 z - a scroll of amnesia
 F - 3 scrolls of identify
Books
 d - a book of Geomancy

   Spells                             Type                      Level
   a - Sandblast                      Earth                        1
   b - Passwall                       Transmutation/Earth          2
   c - Stone Arrow                    Conjuration/Earth            3
   d - Petrify                        Transmutation/Earth          4
   e - Lee's Rapid Deconstruction     Earth                        5
 h - a book of Battle

   Spells                             Type                      Level
   a - Infusion                       Charms                       1
   b - Shroud of Golubria             Charms/Translocation         2
   c - Song of Slaying                Charms                       2
   d - Spectral Weapon                Hexes/Charms                 3
   e - Regeneration                   Charms/Necromancy            3
 o - a book of Maledictions

   Spells                             Type                      Level
   a - Corona                         Hexes                        1
   b - Ensorcelled Hibernation        Hexes/Ice                    2
   c - Confuse                        Hexes                        3
   d - Tukima's Dance                 Hexes                        3
   e - Dazzling Spray                 Conjuration/Hexes            3
 I - a book of Clouds

   Spells                             Type                      Level
   a - Mephitic Cloud                 Conjuration/Poison/Air       3
   b - Conjure Flame                  Conjuration/Fire             3
   c - Poisonous Cloud                Conjuration/Poison/Air       6
   d - Freezing Cloud                 Conjuration/Ice/Air          6
   e - Ring of Flames                 Charms/Fire                  7


   Skills:
 + Level 5.8 Short Blades
 - Level 5.2 Dodging
 - Level 5.0 Stealth
 - Level 4.0 Spellcasting
 - Level 4.0 Transmutations
 - Level 12.0 Earth Magic


You had 6 spell levels left.
You knew the following spells:

 Your Spells              Type           Power        Failure   Level  Hunger
a - Sandblast             Erth           ######       1%          1    N/A
e - Petrify               Tmut/Erth      #####...     8%          4    N/A
f - Lee's Rapid Deconstr  Erth           ######....   3%          5    N/A
v - Passwall              Tmut/Erth      #####.....   1%          2    N/A

Dungeon Overview and Level Annotations

Branches:
Dungeon (10/15)            Temple (1/1) D:7             Orc (2/2) D:10
    Elf (0/3) Orc:2
   Lair: D:8-11

Altars:
Ashenzari
Cheibriados
Dithmenos
Elyvilon
Fedhas
Gozag
Hepliaklqana
Kikubaaqudgha
Makhleb
Nemelex Xobeh
Okawaru
Qazlal
Ru
Sif Muna
Trog
Uskayaw
Vehumet
Xom
Yredelemnul
Zin
The Shining One


Innate Abilities, Weirdness & Mutations

You do not eat or drink.
Your flesh is vulnerable to fire.
You are immune to poison.
Your flesh is cold resistant. (rC+)
You are immune to negative energy. (rN+++)
You are immune to unholy pain and torment.
You can survive without breathing.


Message History

Confirm with . or Enter, or press ? or * to list all spells.
Aiming: Petrify
Press: ? - help, Shift-Dir - straight line, f/p - warg
Aim: a warg (chance to defeat MR: 50%)
You feel a surge of power!
The warg resists with some effort.
The orc wizard misses you. The warg bites you!
* * * LOW HITPOINT WARNING * * *
The orc wizard hits you but does no damage.
Unknown command.
Okay, then.
As you read the scroll of teleportation, it crumbles to dust.
You feel strangely unstable. The warg bites you but does no damage.
The orc wizard misses you.
Unknown command.
The orc wizard gestures at you while chanting.
The magic dart hits you!
* * * LOW HITPOINT WARNING * * *
The warg bites you!
You die...
Your body crumbles into a pile of gold.

$ ##..#####
##.....#.##
#.........#
#.........
##.......##
##.........
#.........#
##.......@##
#.......oh.#
.......>...#
#.........##
#..........#
.#.........#
...........#
...........#
......$...##


You could see a warg and an orc wizard.

Vanquished Creatures
  Harold (D:10)
  Erolcha (D:9)
  The ghost of IKeelU2 the Basher, a novice OgBe of Trog (D:8)
  Sonja (D:10)
  Nergalle (D:10)
  Joseph (D:9)
  2 trolls
  Sigmund (D:4)
  20 yaks
  A human (D:2)
  A steam dragon (D:9)
  2 water moccasins
  2 black bears
  3 necrophages
  2 sky beasts
  5 orc warriors
  An ice beast (D:9)
  4 phantoms
  12 ogres
  2 centaurs
  6 big kobolds (D:10)
  7 bullfrogs
  2 gnoll sergeants (D:10)
  2 scorpions
  7 crimson imps
  A wasp zombie (D:7)
  2 bullfrog zombies (D:8)
  2 quasits
  7 orc priests
  2 hounds
  Crazy Yiuf (D:3)
  2 bullfrog skeletons
  5 iguanas
  Ijyb (D:3)
  9 orc wizards
  Terence (D:5)
  6 worker ants
  A killer bee zombie (D:5)
  10 gnolls
  A howler monkey skeleton (D:9)
  8 adders
  4 shadow imps
  An adder zombie (D:5)
  3 worms
  An adder skeleton (D:9)
  A dart slug (D:3)
  6 leopard geckos
  46 orcs
  3 giant cockroaches
  8 goblins
  8 hobgoblins
  6 jackals
  3 quokkas
  A ball python (D:5)
  7 bats
  4 frilled lizards
  A giant cockroach zombie (D:5)
  A jackal zombie (D:5)
  7 kobolds
  A kobold zombie (D:2)
  A leopard gecko skeleton (D:7)
  A quokka zombie (D:6)
  6 rats
  2 fungi
269 creatures vanquished.

Notes
Turn   | Place    | Note
-------+----------+-------------------------------------------
     0 | D:1      | Amnesiac the Mummy Earth Elementalist began the quest for the Orb.
     0 | D:1      | Reached XP level 1. HP: 13/13 MP: 3/3
   387 | D:3      | Reached XP level 2. HP: 18/19 MP: 0/5
   859 | D:3      | Reached skill level 3 in Earth Magic
   883 | D:3      | Reached XP level 3. HP: 20/24 MP: 0/6
   887 | D:3      | Learned a level 2 spell: Passwall
   983 | D:3      | Noticed Terence
  1224 | D:4      | Noticed an ogre
  1241 | D:4      | Noticed Sigmund
  1257 | D:5      | Entered Level 5 of the Dungeon
  1462 | D:4      | Killed Sigmund
  1462 | D:4      | Reached skill level 5 in Earth Magic
  1462 | D:4      | Reached XP level 4. HP: 23/30 MP: 1/7
  1462 | D:4      | Reached XP level 5. HP: 27/35 MP: 1/8
  1592 | D:5      | Found Qeceun's Weapon Emporium.
  1592 | D:5      | Noticed a sky beast
  1656 | D:5      | Learned a level 4 spell: Petrify
  2068 | D:5      | Got a scorched falchion
  2069 | D:5      | Identified the +7 falchion "Kalugu" {elec, rElec MR+} (You found it on level 5 of the Dungeon)
  2389 | D:4      | Found a glowing golden altar of the Shining One.
  2436 | D:4      | Noticed a phantom
  2459 | D:4      | Killed a phantom
  2459 | D:4      | Reached XP level 6. HP: 31/41 MP: 5/9
  2528 | D:4      | Reached skill level 6 in Earth Magic
  2952 | D:5      | Found a bloodstained altar of Trog.
  3229 | D:5      | Reached XP level 7. HP: 37/46 MP: 10/10
  3448 | D:5      | Reached skill level 7 in Earth Magic
  3763 | D:5      | Reached skill level 8 in Earth Magic
  3862 | D:6      | Reached XP level 8. HP: 49/52 MP: 11/11
  3866 | D:6      | Found a white marble altar of Elyvilon.
  3892 | D:6      | Found a shimmering altar of Xom.
  4380 | D:6      | Reached skill level 9 in Earth Magic
  4668 | D:7      | Learned a level 5 spell: Lee's Rapid Deconstruction
  4804 | D:7      | Reached skill level 1 in Transmutations
  5151 | D:7      | Found a staircase to the Ecumenical Temple.
  5256 | Temple   | Entered the Ecumenical Temple
  5288 | Temple   | Became a worshipper of Gozag Ym Sagoz the Greedy
  6165 | D:2      | Found a runed door.
  6168 | D:2      | Found a basalt altar of Yredelemnul.
  7034 | D:2      | Reached XP level 9. HP: 26/57 MP: 12/14
  7212 | D:3      | Noticed Ijyb
  7220 | D:3      | Killed Ijyb
  7647 | D:3      | Found a runed door.
  7652 | D:3      | Noticed Crazy Yiuf
  7655 | D:3      | Killed Crazy Yiuf
  8070 | D:5      | Killed Terence
  8294 | D:7      | Found a deep blue altar of Sif Muna.
  8538 | D:8      | Noticed IKeelU2's ghost (novice OgBe)
  8593 | D:8      | Killed IKeelU2's ghost
  8593 | D:8      | Reached skill level 10 in Earth Magic
  9139 | D:8      | Reached skill level 11 in Earth Magic
  9155 | D:7      | Reached XP level 10. HP: 39/63 MP: 2/16
  9301 | D:8      | Got a bloodstained ring mail
 10223 | D:8      | Got a transparent falchion
 10224 | D:8      | Identified the +9 falchion "Grim" {flame, SInv} (You found it on level 8 of the Dungeon)
 10476 | D:9      | Reached skill level 12 in Earth Magic
 10730 | D:9      | Found a hazy altar of Hepliaklqana.
 10755 | D:9      | Found a glowing silver altar of Zin.
 10770 | D:9      | Reached skill level 1 in Short Blades
 10995 | D:9      | Identified the +1 ring mail of Died {rC++ Int+3 Dex-4 Slay+5} (You found it on level 8 of the Dungeon)
 11024 | D:9      | Noticed Erolcha
 11038 | D:9      | Killed Erolcha
 11178 | D:9      | Noticed Joseph
 11194 | D:9      | Killed Joseph
 11209 | D:9      | Found a deep blue altar of Sif Muna.
 11290 | D:9      | Found a bloodstained altar of Trog.
 11558 | D:9      | Found a stormy altar of Qazlal.
 11562 | D:9      | Found a sacrificial altar of Ru.
 11575 | D:9      | Found a shimmering altar of Xom.
 11676 | D:9      | Reached XP level 11. HP: 53/68 MP: 17/17
 12076 | D:10     | Entered Level 10 of the Dungeon
 12413 | D:9      | Reached skill level 5 in Stealth
 13385 | D:10     | Noticed Sonja
 13396 | D:10     | Killed Sonja
 13414 | D:10     | Got a crystal rapier
 13415 | D:10     | Identified the +9 rapier "Efumies" {pierce, Dex+3} (You found it on level 10 of the Dungeon)
 13471 | D:10     | Noticed Nergalle
 13729 | D:10     | Found a staircase to the Orcish Mines.
 13857 | D:10     | Reached skill level 5 in Dodging
 14364 | D:10     | Noticed Harold
 14370 | D:10     | Identified a scroll of acquirement
 14588 | D:10     | Killed Harold
 14588 | D:10     | Reached skill level 5 in Short Blades
 14763 | D:10     | Killed Nergalle
 14889 | Orc:1    | Entered Level 1 of the Orcish Mines
 14895 | Orc:2    | Entered Level 2 of the Orcish Mines
 14898 | Orc:2    | Found a staircase to the Elven Halls.
 14899 | Orc:2    | Noticed an orc high priest
 14910 | Orc:2    | Noticed a sun demon
 14922 | Orc:1    | Slain by a warg

Vault maps used:
D:1:      dpeg_arrival_erosion
D:2:      minmay_door_path, first_bread, dk_yredelemnul_ordeal
D:3:      uniq_terence, uniq_crazy_yiuf_cottage, uniq_iyjb
D:4:      nicolae_tso_swordbearing_angel, minmay_gold_behind_fungi, uniq_sigmund
D:5:      kennysheep_mini, serial_shops, shop
D:6:      overflow_temple_1_default, xom_teletrap_fun
D:7:      led_sif_pool
D:8:      grunt_ogre_cave
D:9:      nicolae_overflow_crystal_walls, minmay_overflow_temple_star_hex,
          trog_ov_bears_minmay, uniq_erolcha, uniq_joseph
D:10:     kennysheep_orc_monster_closet_entryway,
          hangedman_abyss_or_decor_stabs, uniq_sonja, uniq_harold, uniq_nergalle
Temple:   minmay_temple_bridge_abc
Orc:1:    enter_bailey_3
Orc:2:    st_orc_ogre_mass

Skill      XL: |  1  2  3  4  5  6  7  8  9 10 11 |
---------------+----------------------------------+-----
Earth Magic    | 3 5 6 8 9 11 12 | 12.0
Spellcasting   | 3 4 |  4.0
Transmutations | 4 |  4.0
Short Blades   | 4 5 |  5.8
Stealth        | 4 5 |  5.0
Dodging        | 5 |  5.2

Action                   |  1- 3 |  4- 6 |  7- 9 | 10-12 || total
-------------------------+-------+-------+-------+-------++-------
Melee: Falchion          |       |    51 |   224 |   161 ||   436
       Dagger            |       |       |       |    88 ||    88
       Rapier            |       |       |       |    93 ||    93
 Fire: Blowgun           |       |       |       |     1 ||     1
Throw: Stone             |       |       |     1 |       ||     1
 Cast: Sandblast         |    52 |    22 |   122 |       ||   196
       Passwall          |     1 |     1 |       |     8 ||    10
       Petrify           |       |       |     4 |    84 ||    88
       Lee's Rapid Decon |       |       |     4 |     2 ||     6
Evoke: Wand              |       |     1 |     5 |     3 ||     9
  Use: Scroll            |       |     5 |     6 |     5 ||    16
 Stab: Sleeping          |       |       |     5 |     4 ||     9
       Petrified         |       |       |     9 |    94 ||   103
       Distracted        |       |       |     1 |     2 ||     3
       Petrifying        |       |       |       |     6 ||     6
Armor: Robe              |    19 |     4 |    63 |    52 ||   138
       Ring mail         |       |       |       |     9 ||     9
Dodge: Dodged            |    45 |    38 |   149 |   144 ||   376
